 Dungeon Crawl Stone Soup version 0.27.1-4-g1640c2035a (webtiles) character file.

Game seed: 3485610940959681854

157 styxcanada the Covert (level 5, 0/26 HPs)
             Began as a Spriggan Brigand on Nov 6, 2021.
             Was an Initiate of Gozag.
             Killed by divine providence
             ... invoked by an orc priest
              (7 damage)
             ... on level 3 of the Dungeon.
             The game lasted 00:09:54 (3080 turns).

styxcanada the Covert (Spriggan Brigand)            Turns: 3080, Time: 00:09:55

Health: 0/26       AC:  3    Str:  7    XL:     5   Next: 15%
Magic:  6/6        EV: 17    Int: 12    God:    Gozag
Gold:   183        SH:  0    Dex: 18    Spells: 4/4 levels left

rFire    . . .     SeeInvis +   a - +2 dagger
rCold    . . .     Faith    .   (shield restricted)
rNeg     . . .     Spirit   .   b - +0 robe
rPois    .         Reflect  .   (helmet restricted)
rElec    .         Harm     .   c - +0 cloak
rCorr    .         Rampage  .   (gloves unavailable)
Will     .....                  (boots unavailable)
Stlth    ++++......             (no amulet)
HPRegen  0.08/turn              (no ring)
MPRegen  0.10/turn              (no ring)

@: gold aura, very quick
A: very small, no large weapons, unfitting armour, see invisible, speed 3
a: Renounce Religion, Potion Petition, Call Merchant, Bribe Branch


You were on level 3 of the Dungeon.
You worshipped Gozag.
Gozag was aware of your devotion.
You visited 1 branch of the dungeon, and saw 3 of its levels.

You collected 214 gold pieces.
You paid 31 gold pieces to Gozag.

Inventory:

Hand Weapons
 a - a +2 dagger (weapon)
Missiles
 d - 19 poisoned darts (quivered)
 e - 2 curare-tipped darts
 i - 46 stones
Armour
 b - a +0 robe (worn)
 c - a +0 cloak (worn)
Scrolls
 f - a scroll of amnesia {unknown}
 h - a scroll of teleportation {unknown}
 j - 2 scrolls of identify {unknown}
 m - a scroll of fog {unknown}
 o - a scroll of immolation {unknown}
Potions
 g - a potion of curing {unknown}
 k - a potion of lignification {unknown}
 l - a potion of ambrosia {unknown}
 n - 2 potions of magic {unknown}


   Skills:
 * Level 2.2 Fighting
 + Level 3.1 Short Blades
 + Level 2.4 Throwing
 * Level 2.4 Dodging
 * Level 8.1 Stealth


You had 4 spell levels left.
You didn't know any spells.
Your spell library contained the following spells:

 Spells                   Type           Power      Damage    Failure   Level
 Ozocubu's Armour         Ice            0%         N/A       69%         3
 Metabolic Englaciation   Hex/Ice        0%         N/A       100%        5
 Simulacrum               Ice/Necr       0%         N/A       100%        6


Dungeon Overview and Level Annotations

Branches:
Dungeon (3/15)

Altars:
Gozag


Innate Abilities, Weirdness & Mutations

You are very small and have problems with some larger weapons.
You are too small for most types of armour.
You have supernaturally acute eyesight. (SInv)
You cover ground extremely quickly. (Speed+++)


Message History

d - 22 poisoned darts (gained 1) Throw: 22 darts (poison)
Press: ? - help, Q - select action, (/) - cycle Shift-Dir - straight line, f/p - orc priest
Aim: an orc priest, wielding a +0 hand axe (63% to hit)
You throw a poisoned dart. The poisoned dart hits the orc priest.
The orc priest is poisoned.
The orc priest looks braver for a moment.
You see here a +2 falchion of freezing.
Throw: 21 darts (poison)
Press: ? - help, Q - select action, (/) - cycle Shift-Dir - straight line, f/p - orc priest
Aim: an orc priest, wielding a +0 hand axe (lightly wounded, poisoned, 63% to hit)
You throw a poisoned dart.
The poisoned dart completely misses the orc priest.
Throw: 20 darts (poison)
Press: ? - help, Q - select action, (/) - cycle Shift-Dir - straight line, f/p - orc priest
Aim: an orc priest, wielding a +0 hand axe (lightly wounded, poisoned, 63% to hit)
You throw a poisoned dart.
The poisoned dart barely misses the orc priest.
The orc priest looks more healthy.
The orc priest mumbles some strange prayers to Beogh against you.
Beogh smites you!
Ouch! That really hurt!
Things that are here:
a +0 hand axe; a +0 short sword; a +0 chain mail A quokka is nearby!
The quokka bites you.
You hit the quokka.
The quokka is moderately wounded.
The quokka bites you.
* * * LOW HITPOINT WARNING * * *
The quokka twitches its whiskers.
You hit the quokka.
The quokka is almost dead.
The quokka closely misses you.
You hit the quokka.
You kill the quokka!
The orc priest invokes the aid of Beogh against you.
Beogh smites you!
You die...
Your body crumbles into a pile of gold.

#.###.##.##
#.....# #.##.#
#.....#
#######.##.#
#.#.###
#..........#
#.#.# #
#.#####.####
..#.# #
##.......#
##.#.. #
#...###### #..
+
#####..########
#
#.......@gr..o#
$
#.###########.#
###..)##
#....r.#
#..g...#
#......#
.###.##......##
..........o...#
.####.....(...#


You could see an orc priest, a quokka and a goblin.

Vanquished Creatures
  7 adders
  A worm (D:2)
  2 dart slugs
  7 orcs (D:3)
  A ball python (D:2)
  7 bats
  5 endoplasms
  2 giant cockroaches
  10 goblins
  3 hobgoblins
  8 jackals
  7 kobolds
  4 quokkas
  6 frilled lizards
  4 rats
74 creatures vanquished.

Notes
Turn   | Place    | Note
-------+----------+-------------------------------------------
     0 | D:1      | styxcanada the Spriggan Brigand began the quest for the
                  | Orb.
     0 | D:1      | Reached XP level 1. HP: 10/10 MP: 2/2
    28 | D:1      | Reached skill level 6 in Stealth
    84 | D:1      | Reached XP level 2. HP: 14/14 MP: 3/3
   353 | D:1      | Reached skill level 7 in Stealth
   360 | D:1      | Reached XP level 3. HP: 9/18 MP: 4/4
  1165 | D:2      | Reached XP level 4. HP: 13/23 MP: 5/5
  2326 | D:3      | Found an opulent altar of Gozag.
  2336 | D:3      | Became a worshipper of Gozag Ym Sagoz the Greedy
  2445 | D:3      | Reached skill level 8 in Stealth
  2777 | D:3      | Reached XP level 5. HP: 18/26 MP: 6/6
  3080 | D:3      | Killed from afar by an orc priest

Illustrated notes

Levels and vault maps discovered:
D:1:      dpeg_arrival_tiny_d, layout_rooms
D:2:      layout_basic
D:3:      layout_basic, grunt_gozag_breadcrumbs, serial_shops, shop,
          minmay_box_of_dots

Skill      XL: |  1  2  3  4 |
---------------+-------------+-----
Stealth        | 6 7 8 |  8.1
Fighting       | 2 |  2.2
Dodging        | 2 |  2.4
Short Blades   | 3 |  3.1
Throwing       | |  2.4

Action                   |  1- 3 |  4- 6 || total
-------------------------+-------+-------++-------
Melee: Dagger            |   110 |   116 ||   226
Throw: Dart              |     9 |    24 ||    33
 Stab: Sleeping          |    13 |     7 ||    20
       Distracted        |       |     2 ||     2
Armor: Robe              |    16 |     8 ||    24
Dodge: Dodged            |    78 |    71 ||   149
